 Dungeon Crawl Stone Soup version 0.25.1-2-g60ff931df9 (webtiles) character file.

Game seed: 8511287968147800982

14 Colgate the Vexing (level 2, 7/14 HPs)
             Began as a Spriggan Arcane Marksman on Sept 5, 2020.
             Quit the game on level 1 of the Dungeon.
             The game lasted 00:04:48 (260 turns).

Colgate the Vexing (Spriggan Arcane Marksman)        Turns: 260, Time: 00:04:49

Health: 7/14       AC:  2    Str:  6    XL:     2   Next: 31%
Magic:  2/5        EV: 18    Int: 14    God:
Gold:   0          SH:  0    Dex: 16    Spells: 0/3 levels left

rFire    . . .     SeeInvis +   b - +0 mace
rCold    . . .     Gourm    .   (shield restricted)
rNeg     . . .     Faith    .   e - +0 robe
rPois    +         Spirit   .   (helmet restricted)
rElec    .         Reflect  .   (no cloak)
rCorr    .         Harm     .   (gloves unavailable)
MR       .....                  (boots unavailable)
Stlth    +.........             (no amulet)
HPRegen  0.04/turn              h - ring of poison resistance
MPRegen  0.09/turn              (no ring)

@: very quick
A: very small, unfitting armour, see invisible, herbivore, speed 3, slow
metabolism 2
a: no special abilities


You were on level 1 of the Dungeon.
You were not hungry.

You visited 1 branch of the dungeon, and saw 1 of its levels.

Inventory:

Hand Weapons
 a - a +0 hunting sling
 b - a +0 mace (weapon)
Missiles
 c - 2 stones (quivered)
 d - 17 sling bullets
Armour
 e - a +0 robe (worn)
Jewellery
 h - a ring of poison resistance (left hand)
Scrolls
 g - a scroll of teleportation {unknown}
Comestibles
 f - a ration


   Skills:
 - Level 0.7 Fighting
 - Level 2.4 Slings
 - Level 3.0 Dodging
 - Level 1.3 Spellcasting
 + Level 4.6 Hexes


You couldn't memorise any spells.
You knew the following spells:

 Your Spells              Type           Power        Failure   Level  Hunger
a - Corona                Hex            ##.....      3%          1    ##.....
b - Slow                  Hex            ##......     6%          2    ###....

Your spell library contained the following spells:

 Spells                   Type           Power        Failure   Level  Hunger
 Inner Flame              Hex/Fire       #.......     30%         3    ####...
 Portal Projectile        Hex/Tloc       #.....       30%         3    ####...
 Cause Fear               Hex            ##........   36%         4    #####..
 Leda's Liquefaction      Hex/Erth       #.........   69%         4    #####..


Dungeon Overview and Level Annotations

Branches:
Dungeon (1/15)

Altars:


Innate Abilities, Weirdness & Mutations

You are very small and have problems with some larger weapons.
You are too small for most types of armour.
You have supernaturally acute eyesight. (SInv)
You are a herbivore.
You cover ground extremely quickly.
You need to consume almost no food.


Message History

The jackal barks!
The jackal completely misses you. The jackal bites you.
You hit the jackal.
The jackal is almost dead.
The jackal completely misses you. The jackal bites you.
You are too injured to fight recklessly!
You hit the jackal.
You kill the jackal!
A jackal comes into view.
The jackal closely misses you.
The jackal moves out of view.
You closely miss the jackal. The jackal closely misses you.
The jackal bites you but does no damage.
The jackal barks!
You hit the jackal.
You kill the jackal!
The jackal misses you.
You closely miss the jackal. The jackal misses you.
The jackal barely misses you.
There is an open door here.
Are you sure you want to abandon this character and quit the game? (Confirm with "yes".)

♣≈≈≈≈##.######.....##
#.##.## ###### .#
##.......## #.#...##.
# .#
#.........###........
+........>'....#####.
#.........###..#
##.......## #..#
##.....## ##.#
##...## .# ##@## ..
#.# ### #h# #h# ...
..†.. #..(.## #.#(##
#.##.


You could see 2 jackals.

Vanquished Creatures
  A dart slug (D:1)
  A giant cockroach (D:1)
  3 jackals (D:1)
  2 kobolds (D:1)
  2 bats (D:1)
  2 rats (D:1)
11 creatures vanquished.

Vanquished Creatures (others)
  5 toadstools (D:1)
5 creatures vanquished.

Grand Total: 16 creatures vanquished

Notes
Turn   | Place    | Note
-------+----------+-------------------------------------------
     0 | D:1      | Colgate the Spriggan Arcane Marksman began the quest for
                  | the Orb.
     0 | D:1      | Reached XP level 1. HP: 9/9 MP: 3/3
    86 | D:1      | Reached skill level 4 in Hexes
   220 | D:1      | Reached XP level 2. HP: 14/14 MP: 5/5
   224 | D:1      | Learned a level 2 spell: Slow
   260 | D:1      | Quit the game

Illustrated notes

Levels and vault maps discovered:
D:1:      ldierk_walled_garden, layout_loops_corners

Skill      XL: |  1 |
---------------+----+-----
Hexes          | 4 |  4.6
Fighting       | |  0.7
Slings         | |  2.4
Dodging        | |  3.0
Spellcasting   | |  1.3

Action                   || total
-------------------------++-------
Melee: Mace              ||    18
 Fire: Hunting sling     ||    15
 Cast: Corona            ||     8
       Slow              ||     2
Armor: Robe              ||     4
Dodge: Dodged            ||    39
